 Dungeon Crawl Stone Soup version 0.24.0-37-gcf1ca852f1 (webtiles) character file.

Game seed: 7428529177956192882, levelgen mode: deterministic

40658 H0rd4k the Eclecticist (level 13, -2/68 HPs)
             Began as a Deep Elf Wizard on Nov 21, 2019.
             Was an Initiate of Gozag.
             Killed from afar by an orc sorcerer (25 damage)
             ... with a bolt of fire
             ... on level 1 of the Orcish Mines.
             The game lasted 01:53:17 (26452 turns).

H0rd4k the Eclecticist (Deep Elf Wizard)           Turns: 26452, Time: 01:53:18

Health: -2/68      AC:  6    Str:  4    XL:     13   Next: 75%
Magic:  0/37       EV: 15    Int: 29    God:    Gozag
Gold:   2690       SH:  0    Dex: 18    Spells: 13/48 levels left

rFire    . . .     SeeInvis +   f - +1 dagger (venom)
rCold    . . .     Gourm    .   (no shield)
rNeg     . . .     Faith    .   J - +1 leather armour of Dishonour {Dex+5}
rPois    +         Spirit   +   F - +2 hat
rElec    .         Reflect  .   (no cloak)
rCorr    .         Harm     .   (no gloves)
MR       +....                  (no boots)
Stlth    +++.......             o - amulet of guardian spirit
HPRegen  0.21/turn              n - ring of poison resistance
MPRegen  0.25/turn              h - ring of see invisible

@: no status effects
A: no striking features
a: Potion Petition, Call Merchant, Bribe Branch, Renounce Religion


You were on level 1 of the Orcish Mines.
You worshipped Gozag.
Gozag was most pleased with you.
You were not hungry.

You visited 3 branches of the dungeon, and saw 18 of its levels.
You also visited: Ossuary.

You collected 2952 gold pieces.
You paid 262 gold pieces to Gozag.

Inventory:

Hand Weapons
 f - a +1 dagger of venom (weapon)
Missiles
 r - 62 poisoned darts (quivered)
Armour
 F - a +2 hat (worn)
 J - the +1 leather armour of Dishonour (worn) {Dex+5}
   (You found it on level 9 of the Dungeon)

   It affects your dexterity (+5).
Jewellery
 h - a ring of see invisible (right hand)
 n - a ring of poison resistance (left hand)
 o - an amulet of guardian spirit (around neck)
 x - a +4 ring of protection
 P - an uncursed ring of protection from cold
Wands
 g - a wand of polymorph (4)
 l - a wand of paralysis (6)
 m - a wand of acid (5)
 u - a wand of flame (19)
 D - a wand of disintegration (9)
 K - a wand of iceblast (7)
Scrolls
 b - 2 scrolls of enchant weapon
 c - a scroll of identify
 e - 4 scrolls of fog
 i - 2 scrolls of amnesia
 k - 7 scrolls of remove curse
 p - 5 scrolls of magic mapping
 q - a scroll of enchant armour
 y - 2 scrolls of teleportation
 B - 2 scrolls of immolation
 E - a scroll of blinking
Potions
 a - a potion of brilliance
 j - a potion of cancellation
 s - 7 potions of haste
 t - 2 potions of might
 v - a potion of berserk rage
 w - 2 potions of resistance
 z - 4 potions of curing
 A - 5 potions of agility
 C - 6 potions of flight
 L - a potion of invisibility
Miscellaneous
 G - a fan of gales
 N - a phantom mirror
Comestibles
 d - 23 rations


   Skills:
 + Level 2.3 Fighting
 + Level 4.1 Armour
 + Level 5.9 Dodging
 + Level 5.3 Stealth
 + Level 18.3 Spellcasting
 + Level 13.1 Conjurations
 + Level 8.6 Hexes
 + Level 1.4 Charms
 + Level 4.6 Summonings
 + Level 5.5 Translocations
 + Level 5.5 Fire Magic
 * Level 4.4 Air Magic
 + Level 0.8 Poison Magic
 + Level 2.2 Evocations


You had 13 spell levels left.
You knew the following spells:

 Your Spells              Type           Power        Failure   Level  Hunger
a - Magic Dart            Conj           ####         0%          1    None
b - Blink                 Tloc           N/A          1%          2    None
c - Conjure Flame         Conj/Fire      ######..     1%          3    None
d - Mephitic Cloud        Conj/Pois/Air  ######..     1%          3    None
e - Force Lance           Conj/Tloc      ######..     1%          4    None
f - Fulminant Prism       Conj/Hex       ######....   1%          4    None
g - Summon Lightning Spi  Summ/Air       ######..     4%          4    None
h - Swiftness             Chrm/Air       #####...     1%          2    None
i - Conjure Ball Lightni  Conj/Air       ######....   11%         6    #......
j - Deflect Missiles      Chrm/Air       #####.....   77%         6    #......

Your spell library contained the following spells:

 Spells                   Type           Power        Failure   Level  Hunger
 Shock                    Conj/Air       ####         1%          1    None
 Summon Small Mammal      Summ           ####         1%          1    None
 Call Imp                 Summ           ######..     1%          2    None
 Searing Ray              Conj           ######       1%          2    None
 Slow                     Hex            ######..     1%          2    None
 Call Canine Familiar     Summ           ######..     1%          3    None
 Dazzling Spray           Conj/Hex       ######       1%          3    None
 Summon Guardian Golem    Hex/Summ       ######..     1%          3    None
 Iskenderun's Mystic Bla  Conj           #######.     1%          4    None
 Animate Skeleton         Necr           N/A          2%          1    None
 Pain                     Necr           ####         2%          1    None
 Silence                  Hex/Air        ######....   4%          5    None
 Regeneration             Chrm/Necr      ####......   6%          3    None
 Vampiric Draining        Necr           ####......   8%          3    None
 Summon Ice Beast         Ice/Summ       #####...     11%         4    None
 Animate Dead             Necr           N/A          26%         4    None
 Freezing Cloud           Conj/Ice/Air   ######....   36%         6    #......
 Borgnjor's Vile Clutch   Necr/Erth      ####......   58%         5    None
 Death Channel            Necr           ####......   99%         6    #......
 Tornado                  Air            ######....   100%        9    #######


Dungeon Overview and Level Annotations

Branches:
Dungeon (11/15)            Temple (0/1) D:4            Lair (6/6) D:9
  Swamp (0/4) Lair:3        Snake (0/4) Lair:3          Orc (1/2) D:11
Ossuary (visited)
  Slime: Lair:5-6

Altars:
Ashenzari
Cheibriados
Dithmenos
Elyvilon
Fedhas
Gozag
Hepliaklqana
Ru
Sif Muna
Trog
Uskayaw
Wu Jian
Zin

Shops:
D:5 *

Annotations:
D:10 exclusions: 2 downstairs and upstairs
Lair:1 exclusion: 2 downstairs
Lair:3 exclusion: 2 downstairs
Lair:4 exclusion: downstairs
Lair:5 exclusion: 3 downstairs
Lair:6 Nessos


Message History

There is a staircase to the Orcish Mines here.
You climb downwards.
Welcome back to the Orcish Mines!
The orc sorcerer casts a spell at you. The bolt of fire hits you!!
The orc hits you with a +1 mace of holy wrath.
The orc warrior hits you with a +0 scimitar!
The orc sorcerer gestures wildly while chanting.
There is a staircase back to the Dungeon, spattered with blood here.
Casting: Magic Dart (safe; 0% risk of failure)
Confirm with . or Enter, or press ? or * to list all spells.
Aiming: Fulminant Prism (safe; 1% risk of failure)
Press: ? - help, Dir - move target cursor
Okay, then.
Unknown command.
The orc hits you with a +1 mace of holy wrath.
The orc warrior hits you with a +0 scimitar!!
The orc sorcerer casts a spell at you. The bolt of fire hits you!!!
You die...
Your body crumbles into a pile of gold.

..4.....#.##...
.......... ....
$
.o...$........#
$ .#.....).#.$.
.......o.... $
.#...$.$$$#
..$...$o$.###
....$o.@>..$#
...$o.o$$.$$...
..$..$$$.......
$
...............
...$.........#.
.#.............
$
.........$.....
.#.#$..........
$


You could see an orange demon, an orc sorcerer, 2 orc warriors, 2 orc priests
and an orc.

Vanquished Creatures
  3 hydras
  A catoblepas (Lair:4)
  10 death yaks
  An orc high priest (D:11)
  2 ugly things
  An orc sorcerer (Orc:1)
  A black mamba (Lair:1)
  3 elephants (Lair:4)
  13 spiny frogs
  Psyche (D:11)
  A rime drake (Lair:5)
  3 komodo dragons
  The ghost of tibilolka the Chopper, an amateur MiGl (D:6)
  A polar bear (Lair:5)
  2 hornets (D:8)
  Grinder (D:3)
  6 hippogriffs
  9 blink frogs
  A shadow (D:11)
  A spriggan (Lair:6)
  3 fire bats (Lair:2)
  21 yaks
  4 vampire mosquitoes (D:9)
  2 steam dragons
  A hungry ghost (D:10)
  5 wargs
  An acid dragon (D:11)
  A soldier ant (D:8)
  12 water moccasins
  8 porcupines
  17 orc warriors
  2 sky beasts
  2 black bears
  2 phantoms
  9 ice beasts
  2 necrophages (Lair:4)
  9 centaurs
  8 wolves
  8 ogres
  8 crocodiles
  13 bullfrogs
  3 big kobolds
  2 elf zombies (Ossuary)
  A wyvern skeleton (D:7)
  4 scorpions
  14 wights
  10 electric eels
  A bullfrog zombie (D:5)
  A lava snake (Lair:4)
  4 crimson imps
  2 centaur zombies (Ossuary)
  3 hounds
  A jelly (D:10)
  A quasit (D:10)
  11 orc priests
  A gnoll shaman (D:5)
  12 orc wizards
  3 iguanas
  Natasha (thrice) (D:2)
  8 worker ants
  A big kobold zombie (Ossuary)
  2 mummies (Ossuary)
  A howler monkey zombie (D:7)
  3 worker ant zombies
  4 gnolls (D:5)
  9 adders
  4 shadow imps
  3 adder zombies (Ossuary)
  3 worms
  2 dart slugs
  3 leopard geckos
  54 orcs
  5 giant cockroaches
  6 goblins
  10 hobgoblins
  6 jackals
  4 quokkas
  A ball python (D:3)
  6 bats
  6 frilled lizards
  8 hobgoblin zombies (Ossuary)
  2 jackal skeletons
  25 kobolds
  8 kobold zombies (Ossuary)
  A leopard gecko skeleton (D:4)
  A leopard gecko zombie (D:5)
  11 orc zombies (Ossuary)
  8 rats
  2 rat zombies (Ossuary)
  A fulminant prism (Orc:1)
  5 fungi
  7 plants
497 creatures vanquished.

Vanquished Creatures (collateral kills)
  A hydra (Lair:6)
  2 death yaks (Lair:4)
  2 spiny frogs
  2 black mambas (Lair:6)
  A polar bear (Lair:6)
  5 blink frogs
  A spriggan (Lair:6)
  A wyvern (Lair:4)
  3 yaks
  A naga (Lair:3)
  2 water moccasins (Lair:3)
  A porcupine (Lair:5)
  4 necrophages (Lair:4)
  6 crocodiles
  A bullfrog (D:9)
33 creatures vanquished.

Vanquished Creatures (others)
  17 ball lightnings
  224 fulminant prisms
  10 fungi
  22 plants
273 creatures vanquished.

Grand Total: 803 creatures vanquished

Notes
Turn   | Place    | Note
-------+----------+-------------------------------------------
     0 | D:1      | H0rd4k the Deep Elf Wizard began the quest for the Orb.
     0 | D:1      | Reached XP level 1. HP: 10/10 MP: 7/7
   395 | D:1      | Reached skill level 5 in Spellcasting
   395 | D:1      | Reached XP level 2. HP: 15/15 MP: 3/10
  1298 | D:2      | Noticed Natasha
  1304 | D:2      | Killed Natasha
  1304 | D:2      | Reached XP level 3. HP: 18/19 MP: 4/12
  1308 | D:2      | Learned a level 2 spell: Blink
  1312 | D:2      | Learned a level 3 spell: Conjure Flame
  1316 | D:2      | Learned a level 3 spell: Mephitic Cloud
  1340 | D:2      | Reached skill level 6 in Spellcasting
  1488 | D:2      | Noticed Natasha
  1501 | D:2      | Killed Natasha
  1501 | D:2      | Reached XP level 4. HP: 10/24 MP: 2/14
  2058 | D:2      | Noticed Natasha
  2068 | D:2      | Killed Natasha
  2309 | D:3      | Noticed Grinder
  2545 | D:3      | Reached XP level 5. HP: 28/28 MP: 4/16
  2992 | D:4      | Found a staircase to the Ecumenical Temple.
  3046 | D:4      | Found a shadowy altar of Dithmenos.
  3175 | D:4      | Reached skill level 7 in Spellcasting
  3234 | D:4      | Found a shattered altar of Ashenzari.
  3323 | D:4      | Reached skill level 1 in Fire Magic
  3448 | D:4      | Noticed a phantom
  3478 | D:4      | Killed a phantom
  3478 | D:4      | Reached XP level 6. HP: 26/32 MP: 4/18
  3889 | D:5      | Entered Level 5 of the Dungeon
  3895 | D:5      | Found Usickin's Lightly-Used Armoury.
  4004 | D:5      | Noticed an orc warrior
  4007 | D:5      | Reached skill level 8 in Spellcasting
  4162 | D:5      | Noticed a steam dragon
  4162 | D:5      | a centaur changed into a steam dragon
  4168 | D:5      | Found an opulent altar of Gozag.
  4464 | D:5      | Reached XP level 7. HP: 33/36 MP: 13/20
  4635 | D:5      | Found a snail-covered altar of Cheibriados.
  4783 | D:5      | Found a white marble altar of Elyvilon.
  4944 | D:5      | Learned a level 4 spell: Force Lance
  4949 | D:5      | Learned a level 4 spell: Fulminant Prism
  5579 | D:5      | Reached skill level 9 in Spellcasting
  5676 | D:5      | Reached skill level 5 in Conjurations
  5738 | D:6      | Reached skill level 1 in Hexes
  5825 | D:6      | Reached XP level 8. HP: 41/41 MP: 7/23
  6365 | D:6      | Found a runed translucent gate.
  6367 | D:6      | Found a runed translucent gate.
  6368 | D:6      | Found a runed translucent gate.
  6384 | D:6      | Noticed tibilolka's ghost (amateur MiGl)
  6784 | D:6      | You fall into a shaft and drop 3 floors!
  6828 | D:9      | Reached skill level 10 in Spellcasting
  6992 | D:9      | Reached skill level 1 in Fighting
  6992 | D:9      | Reached skill level 11 in Spellcasting
  6992 | D:9      | Reached XP level 9. HP: 39/47 MP: 9/26
  7697 | D:8      | Found a glowing silver altar of Zin.
  7937 | D:8      | Reached skill level 12 in Spellcasting
  9168 | D:9      | Reached skill level 13 in Spellcasting
  9281 | D:9      | Found an ornate altar of the Wu Jian Council.
  9374 | D:9      | Found a bloodstained altar of Trog.
  9375 | D:9      | Found an opulent altar of Gozag.
  9377 | D:9      | Found a white marble altar of Elyvilon.
  9392 | D:9      | Noticed a komodo dragon
  9404 | D:9      | Killed a komodo dragon
  9404 | D:9      | Reached XP level 10. HP: 28/52 MP: 0/29
  9542 | D:9      | Found a staircase to the Lair.
  9555 | D:9      | You fall into a shaft and drop 1 floor!
  9555 | D:10     | Entered Level 10 of the Dungeon
 10444 | D:9      | Found a shattered altar of Ashenzari.
 10444 | D:9      | Found a shimmering blue altar of Sif Muna.
 10728 | D:9      | Found a hide-covered altar of Uskayaw.
 10887 | D:9      | Got a warped leather armour
 10898 | D:9      | Identified the +1 leather armour of Dishonour {Dex+5} (You
                  | found it on level 9 of the Dungeon)
 11149 | D:11     | Noticed a cyan ugly thing
 11164 | D:10     | Killed a cyan ugly thing
 11438 | D:11     | Noticed Psyche
 11441 | D:11     | Killed Psyche
 11441 | D:11     | Reached skill level 14 in Spellcasting
 11526 | D:11     | Reached skill level 1 in Armour
 11581 | D:11     | Reached skill level 10 in Conjurations
 11581 | D:11     | Reached skill level 5 in Hexes
 11581 | D:11     | Reached skill level 1 in Air Magic
 11992 | D:10     | Reached skill level 1 in Evocations
 12415 | D:11     | Noticed a purple ugly thing
 12421 | D:11     | Killed a purple ugly thing
 12421 | D:11     | Reached XP level 11. HP: 48/56 MP: 4/31
 13517 | D:11     | Found a staircase to the Orcish Mines.
 13844 | D:7      | Found a sand-covered staircase.
 13853 | Ossuary  | Entered an ossuary
 14648 | D:7      | Found a hazy altar of Hepliaklqana.
 14648 | D:7      | Found a sacrificial altar of Ru.
 14653 | D:7      | Found a blossoming altar of Fedhas.
 15016 | D:3      | Killed Grinder
 15518 | D:5      | Became a worshipper of Gozag Ym Sagoz the Greedy
 15648 | D:6      | Killed tibilolka's ghost
 15920 | Lair:1   | Entered Level 1 of the Lair of Beasts
 15929 | Lair:1   | Reached skill level 15 in Spellcasting
 16210 | Orc:1    | Entered Level 1 of the Orcish Mines
 16217 | Orc:1    | Noticed an orc sorcerer
 16220 | Orc:1    | Noticed a soul eater
 16556 | Lair:1   | You fall into a shaft and drop 1 floor!
 17049 | Lair:1   | Noticed a seven-headed hydra
 17243 | Lair:2   | Reached skill level 5 in Dodging
 17882 | Lair:1   | Reached XP level 12. HP: 61/61 MP: 27/33
 17892 | Lair:1   | Reached skill level 5 in Fire Magic
 17943 | Lair:1   | Reached skill level 5 in Stealth
 17943 | Lair:1   | Reached skill level 16 in Spellcasting
 18079 | Lair:1   | Learned a level 4 spell: Summon Lightning Spire
 18202 | Lair:1   | Killed a seven-headed hydra
 20037 | Lair:3   | Found a staircase to the Snake Pit.
 20430 | Lair:3   | Identified Ciak's Handbook of Floating Evil
 20459 | Lair:3   | Found a staircase to the Swamp.
 21010 | Lair:4   | Learned a level 2 spell: Swiftness
 21060 | Lair:4   | Noticed a catoblepas
 21218 | Lair:4   | Noticed a six-headed hydra
 21242 | Lair:3   | Killed a six-headed hydra
 21242 | Lair:3   | Reached skill level 1 in Charms
 21525 | Lair:4   | Reached skill level 5 in Translocations
 21596 | Lair:4   | Reached skill level 17 in Spellcasting
 22083 | Lair:4   | Killed a catoblepas
 22448 | Lair:4   | Noticed a death yak
 22450 | Lair:4   | Noticed a death yak
 22452 | Lair:4   | Noticed a death yak
 22453 | Lair:4   | Noticed a death yak
 22454 | Lair:4   | Noticed a death yak
 22456 | Lair:4   | Killed a death yak
 22456 | Lair:4   | Reached XP level 13. HP: 66/66 MP: 16/36
 23750 | Lair:5   | Reached skill level 18 in Spellcasting
 24459 | Lair:6   | Entered Level 6 of the Lair of Beasts
 25071 | Lair:5   | Learned a level 6 spell: Conjure Ball Lightning
 25528 | Lair:6   | Noticed Nessos
 26126 | D:11     | Learned a level 6 spell: Deflect Missiles
 26452 | Orc:1    | Killed from afar by an orc sorcerer

Levels and vault maps discovered:
D:1:      psy_arrival_radial02, layout_loops_corners, serial_rivers,
          chequers_serial_rivers_room_b, chequers_serial_rivers_micro_e,
          chequers_serial_rivers_room_a, chequers_serial_rivers_micro_d,
          chequers_serial_rivers_micro_b, chequers_serial_rivers_micro_c,
          corexii_leaking_fountain
D:2:      layout_basic, uniq_natasha
D:3:      layout_rooms, grunt_decor_clamped, uniq_grinder
D:4:      layout_loops_ring, lemuel_doored_altar, minmay_temple_entry_junction,
          ashenzari_altar_1
D:5:      cheibrodos_thug_alley, layout_loops_ring, kennysheep_mini,
          basic_altar, first_ration, minmay_shop_damaged, elyvilon_altar_3
D:6:      layout_cave_pools, gammafunk_ghost_split
D:7:      layout_cave_pools, minitemple, nicolae_ossuary_entry_ruins
D:8:      layout_loops_corners, lemuel_round_altar, hangedman_pestilent_swarm,
          minmay_misc_feat_more_columns
D:9:      layout_small_grid, marbit_many_paths, nicolae_overflow_crystal_walls,
          nicolae_overflow_hidden_temple, david_lair_shrubbed
D:10:     layout_long_grid
D:11:     layout_basic, orc_0_dummy, nooodl_orcs_dogs, uniq_psyche
Lair:1:   layout_misc_corridors, portal_ice_cave_entry_ice_beasts,
          serial_bayou_pond_d, minmay_hedge_maze, serial_bayou_lake_a,
          lemuel_fruit_tree
Lair:2:   layout_cave_shapes, nicolae_volcano_entry_batcave,
          serial_bayou_lagoon_a, serial_bayou_pond_c,
          nicolae_quartered_pool_little, st_stairs_3, minmay_holes
Lair:3:   layout_gridlike, swamp_mist, guppyfry_snake_entry_island,
          gauntlet_entry_generic, chequers_serial_rivers_micro_b,
          grunt_megastairs_2, serial_bayou_shore_b
Lair:4:   layout_gridlike, roderic_carrion_pond
Lair:5:   layout_loops_ring, st_stairs_11, serial_bayou_shore_a,
          grunt_megastairs_3
Lair:6:   minmay_lair_end_enchanted_forest, layout_hall_layers, slime_altar_2,
          uniq_nessos
Orc:1:    layout_caves

Skill      XL: |  1  2  3  4  5  6  7  8  9 10 11 12 13 |
---------------+----------------------------------------+-----
Spellcasting   | 5 6 7 8 9 11 13 14 15 17 18 | 18.3
Dodging        | 3 4 5 |  5.9
Conjurations   | 2 3 4 5 7 9 10 11 12 13 | 13.1
Stealth        | 3 4 5 |  5.3
Fire Magic     | 1 3 4 5 |  5.5
Hexes          | 2 3 4 5 6 7 8 |  8.6
Fighting       | 1 2 |  2.3
Armour         | 2 3 4 |  4.1
Air Magic      | 1 3 4 |  4.4
Evocations     | 1 2 |  2.2
Translocations | 2 3 5 |  5.5
Summonings     | 3 4 |  4.6
Charms         | 1 |  1.4
Poison Magic   | |  0.8

Action                   |  1- 3 |  4- 6 |  7- 9 | 10-12 | 13-15 || total
-------------------------+-------+-------+-------+-------+-------++-------
Melee: Dagger            |       |       |       |     8 |     1 ||     9
 Cast: Magic Dart        |    72 |   193 |   305 |   366 |   101 ||  1037
       Conjure Flame     |       |     6 |    20 |    82 |    15 ||   123
       Mephitic Cloud    |       |     1 |     5 |     7 |       ||    13
       Blink             |       |     1 |     3 |    28 |    10 ||    42
       Fulminant Prism   |       |       |    27 |   150 |    50 ||   227
       Force Lance       |       |       |     3 |    15 |     8 ||    26
       Summon Lightning  |       |       |       |    31 |    22 ||    53
       Swiftness         |       |       |       |     2 |       ||     2
       Conjure Ball Ligh |       |       |       |       |     8 ||     8
Evoke: Wand              |       |     1 |       |    14 |     1 ||    16
       Fan of gales      |       |       |       |     1 |       ||     1
  Use: Scroll            |       |     9 |    11 |     9 |     5 ||    34
       Potion            |       |       |     2 |     9 |     2 ||    13
  Eat: Chunk             |     1 |     9 |     9 |     5 |       ||    24
       Ration            |       |       |     2 |    10 |     4 ||    16
Armor: Robe              |     1 |     3 |     8 |       |       ||    12
       Leather armour    |       |       |       |    63 |    12 ||    75
Dodge: Dodged            |     9 |    27 |    34 |   218 |    74 ||   362
